 Dungeon Crawl Stone Soup version 0.31-a0-149-g3fdcc5976a (webtiles) character file.

Game seed: 12319109163876485472

1238 qw the Skirmisher (level 8, 0/70 HPs)
             Began as a Minotaur Hunter on June 7, 2023.
             Succumbed to a gnoll sergeant's poison
             ... on level 6 of the Dungeon.
             The game lasted 00:01:32 (4456 turns).

qw the Skirmisher (Minotaur Hunter)                 Turns: 4456, Time: 00:01:33

Health: 0/70       AC: 10    Str: 15    XL:     8   Next: 25%
Magic:  7/7        EV: 13    Int:  6    God:
Gold:   118        SH:  0    Dex: 17    Spells: 7/7 levels left

rFire   + . .        Y - +3 orcbow (elec)
rCold   . . .        (shield currently unavailable)
rNeg    . . .        n - +3 leather armour
rPois   +            a - +2 hat "Ubid" {rPois}
rElec   .            (no cloak)
rCorr   .            d - +0 pair of gloves
SInv    .            i - +0 pair of boots
Will    .....        (no amulet)
Stlth   ++           b - ring of protection from fire
HPRegen 0.31/turn    (no ring)
MPRegen 0.10/turn

%: no passive effects
@: lethally poisoned (0 -> -13)
A: horns 2, retaliatory headbutt
a: no special abilities


You were on level 6 of the Dungeon.
You visited 1 branch of the dungeon, and saw 6 of its levels.

You collected 286 gold pieces.
You spent 168 gold pieces at shops.


Innate Abilities, Weirdness & Mutations

You have a pair of horns on your head.
You reflexively headbutt those who attack you in melee.


   Skills:
 - Level 6.0 Fighting
 - Level 10.1 Ranged Weapons
 - Level 1.0 Armour
 + Level 3.6 Dodging
 - Level 0.7 Stealth


You had 7 spell levels left.
You didn't know any spells.
Your spell library was empty.

Inventory:

Hand Weapons
 Y - a +3 orcbow of electrocution (weapon)
Armour
 a - the +2 hat "Ubid" (worn) {rPois}
   (You acquired it on level 1 of the Dungeon)

   rPois:     It protects you from poison.
 d - a +0 pair of gloves (worn)
 g - a +0 robe of fire resistance
 i - a +0 pair of boots (worn)
 n - a +3 leather armour (worn)
Jewellery
 b - a ring of protection from fire (left hand)
 l - a +4 ring of protection
Wands
 c - a wand of digging (4)
Scrolls
 f - 2 scrolls of teleportation
 j - 3 scrolls of identify
Potions
 e - 2 potions of might
 h - a potion of resistance
 o - a potion of haste

Dungeon Overview and Level Annotations

Branches:
Dungeon (6/15)
 Temple: D:4-7

Altars:
Hepliaklqana
Xom

Shops:
D:4 *   D:5 =


Message History

You shoot an arrow.
The arrow completely misses the kobold brigand.
The arrow hits the gnoll!
You kill the gnoll!
You feel very sick.
The gnoll sergeant hits you from afar with a +2 trident of venom!
The kobold brigand barely misses you.
You shoot an arrow.
The arrow barely misses the kobold brigand.
You feel sick.
The gnoll sergeant hits you but does no damage.
You are more poisoned.
The kobold brigand hits you with a +0 short sword.
4452 ||| READING 3 scrolls of teleportation.
As you read the scroll of teleportation, it crumbles to dust.
You feel strangely unstable.
You feel very sick. The gnoll sergeant closely misses you.
The kobold brigand hits you with a +0 short sword.
4453 ||| DRINKING potion of heal wounds.
You feel much better.
You feel very sick.
The gnoll sergeant hits you from afar with a +2 trident of venom!
You are lethally poisoned!
The kobold brigand hits you with a +0 short sword.
You shoot an arrow.
The arrow barely misses the kobold brigand.
The arrow hits the kobold.
You kill the kobold!
Your surroundings suddenly seem different.
An orc comes into view. It is wielding a +0 club.
You feel very sick.
Enter note:
Enter note:
Enter note: You shoot an arrow.
The arrow hits the orc!
You kill the orc!
You feel very sick.
There is a lethal amount of poison in your body!
You die...

#.#)## #.# ..$
#.# ... #.# .
..... .# 8.
####
#.###.#######.
.#.............
)..............
#......@#
#.....#.....#
#.... .######
##.. .. #. ...
.. .... . .....
......


There were no monsters in sight!

Vanquished Creatures
  Sigmund (D:2)
  3 ice beasts
  An ogre (D:5)
  A phantom (D:5)
  2 scorpions
  3 hounds
  3 orc priests
  A jelly (D:4)
  An iguana (D:5)
  An orc wizard (D:3)
  Robin (D:4)
  8 gnolls
  9 adders
  A white imp (D:6)
  An ufetubus (D:4)
  A worm (D:2)
  15 orcs
  3 endoplasms
  6 giant cockroaches
  12 goblins
  8 hobgoblins
  8 jackals
  2 quokkas
  5 ball pythons (D:2)
  5 bats
  8 kobolds
  3 rats
113 creatures vanquished.

Notes
Turn   | Place    | Note
-------+----------+-------------------------------------------
     0 | D:1      | qw the Minotaur Hunter began the quest for the Orb.
     0 | D:1      | Reached XP level 1. HP: 18/18 MP: 0/0
     0 | D:1      | 0 ||| qw: Version: 0.2-a-117-gc6b5c8b
     0 | D:1      | 0 ||| qw: Game counter: 2638
     0 | D:1      | 0 ||| qw: Always use a shield: true
     0 | D:1      | 0 ||| qw: God list: Okawaru
     0 | D:1      | 0 ||| qw: Allow faded altars: false
     0 | D:1      | 0 ||| qw: Do Orc after D:15 true
     0 | D:1      | 0 ||| qw: Do second Lair branch before Depths: true
     0 | D:1      | 0 ||| qw: Lair rune preference: random
     0 | D:1      | 0 ||| qw: Plans: Normal
     0 | D:1      | 0 ||| PLANNING D:1-11
   171 | D:1      | Reached XP level 2. HP: 25/25 MP: 1/1
   426 | D:1      | Reached skill level 5 in Ranged Weapons
   464 | D:1      | 464 ||| SWAPPING to +0 arbalest.
   465 | D:1      | 465 ||| DROPPING +0 shortbow.
   663 | D:1      | 663 ||| READING 2 scrolls labelled FUAROVATTAIQ.
   663 | D:1      | Identified 2 scrolls of acquirement
   663 | D:1      | 663 ||| ACQUIRING +2 hat "Ubid" {rPois}
   663 | D:1      | Acquired the +2 hat "Ubid" {rPois}
   665 | D:1      | 665 ||| UPGRADING to +2 hat "Ubid" {rPois}.
   670 | D:1      | 670 ||| READING scroll of acquirement.
   670 | D:1      | 670 ||| ACQUIRING +1 orcbow of electrocution
   670 | D:1      | Acquired a +1 orcbow of electrocution
   672 | D:1      | 672 ||| SWAPPING to +1 orcbow of electrocution.
   673 | D:1      | 673 ||| DROPPING +0 arbalest.
   674 | D:1      | 674 ||| READING 3 scrolls labelled SACWIO VEOREREL.
   675 | D:1      | 675 ||| READING scroll labelled RUTANI XUBEPNA.
   676 | D:1      | 676 ||| READING scroll labelled ZAGUOMP JARA.
   777 | D:1      | 777 ||| READING scroll labelled CIDERH ACIUS.
   778 | D:1      | 778 ||| DRINKING 2 bubbling coppery potions.
   779 | D:1      | 779 ||| READING 2 scrolls of identify.
   779 | D:1      | 779 ||| IDENTIFYING fizzy orange potion
   780 | D:1      | 780 ||| DROPPING scroll of butterflies.
   809 | D:2      | Reached skill level 3 in Fighting
   872 | D:2      | Reached XP level 3. HP: 31/31 MP: 2/2
  1008 | D:2      | Noticed Sigmund
  1010 | D:2      | Noticed a scorpion
  1013 | D:2      | 1013 ||| FLEEEEING.
  1015 | D:2      | 1015 ||| FLEEEEING.
  1016 | D:2      | 1016 ||| FLEEEEING.
  1017 | D:2      | 1017 ||| FLEEEEING.
  1022 | D:2      | Killed a scorpion
  1023 | D:2      | Reached skill level 6 in Ranged Weapons
  1023 | D:2      | Reached XP level 4. HP: 27/38 MP: 3/3
  1023 | D:2      | 1023 ||| FLEEEEING.
  1024 | D:2      | 1024 ||| FLEEEEING.
  1025 | D:2      | 1025 ||| FLEEEEING.
  1026 | D:2      | 1026 ||| FLEEEEING.
  1027 | D:2      | 1027 ||| FLEEEEING.
  1028 | D:2      | 1028 ||| FLEEEEING.
  1029 | D:2      | 1029 ||| FLEEEEING.
  1030 | D:2      | 1030 ||| FLEEEEING.
  1031 | D:2      | 1031 ||| FLEEEEING.
  1032 | D:2      | 1032 ||| FLEEEEING.
  1033 | D:2      | 1033 ||| FLEEEEING.
  1034 | D:2      | 1034 ||| FLEEEEING.
  1035 | D:2      | 1035 ||| FLEEEEING.
  1036 | D:2      | 1036 ||| FLEEEEING.
  1037 | D:2      | 1037 ||| FLEEEEING.
  1038 | D:2      | 1038 ||| FLEEEEING.
  1040 | D:2      | 1040 ||| FLEEEEING.
  1041 | D:2      | 1041 ||| FLEEEEING.
  1042 | D:2      | 1042 ||| FLEEEEING.
  1043 | D:2      | 1043 ||| FLEEEEING.
  1044 | D:2      | 1044 ||| FLEEEEING.
  1045 | D:2      | 1045 ||| FLEEEEING.
  1046 | D:2      | 1046 ||| FLEEEEING.
  1047 | D:2      | 1047 ||| FLEEEEING.
  1048 | D:2      | 1048 ||| STAIRDANCE
  1065 | D:1      | 1065 ||| UPGRADING to ring of protection from fire.
  1066 | D:1      | 1066 ||| READING scroll labelled WUOVUR PASHEU.
  1069 | D:1      | 1069 ||| READING 3 scrolls of identify.
  1069 | D:1      | 1069 ||| IDENTIFYING smoky dark potion
  1070 | D:1      | 1070 ||| READING 2 scrolls of identify.
  1070 | D:1      | 1070 ||| IDENTIFYING viscous inky potion
  1071 | D:1      | 1071 ||| DROPPING potion of brilliance.
  1336 | D:2      | 1336 ||| FLEEEEING.
  1337 | D:2      | 1337 ||| FLEEEEING.
  1355 | D:2      | HP: 5/38 [Sigmund/+0 scythe (7)]
  1356 | D:2      | 1356 ||| DRINKING potion of heal wounds.
  1367 | D:2      | Killed Sigmund
  1368 | D:2      | Reached XP level 5. HP: 30/50 MP: 4/4
  1460 | D:2      | 1460 ||| UPGRADING to +0 pair of gloves.
  1465 | D:2      | 1465 ||| UPGRADING to +0 robe of fire resistance.
  1475 | D:2      | 1475 ||| READING 2 scrolls of identify.
  1475 | D:2      | 1475 ||| IDENTIFYING emerald potion
  1476 | D:2      | 1476 ||| DROPPING potion of degeneration.
  1567 | D:3      | Reached XP level 6. HP: 57/57 MP: 5/5
  2269 | D:3      | 2269 ||| DROPPING +0 leather armour.
  2270 | D:3      | 2270 ||| UPGRADING to +0 ring mail.
  2280 | D:3      | 2280 ||| UPGRADING to +3 leather armour.
  2290 | D:3      | 2290 ||| DROPPING +0 ring mail.
  2291 | D:3      | 2291 ||| READING scroll labelled KUAQ NEATH.
  2292 | D:3      | 2292 ||| READING 2 scrolls of identify.
  2292 | D:3      | 2292 ||| IDENTIFYING fuming inky potion
  2293 | D:3      | 2293 ||| DROPPING potion of magic.
  2391 | D:4      | Reached skill level 1 in Armour
  2556 | D:4      | Reached skill level 7 in Ranged Weapons
  2649 | D:4      | 2649 ||| READING scroll of enchant weapon.
  2649 | D:4      | 2649 ||| ENCHANTING +2 orcbow of electrocution.
  2793 | D:4      | Found Qiyff's Gadget Gallery.
  2801 | D:4      | 2801 ||| BUYING wand of digging (4) (168 gold).
  2801 | D:4      | Bought a wand of digging (4) for 168 gold pieces
  2872 | D:4      | Noticed Robin
  2883 | D:4      | Killed Robin
  3052 | D:4      | Found a shimmering altar of Xom.
  3486 | D:4      | 3486 ||| DRINKING 2 lumpy puce potions.
  3487 | D:4      | 3487 ||| DROPPING potion of enlightenment.
  3531 | D:5      | Entered Level 5 of the Dungeon
  3538 | D:5      | Reached skill level 8 in Ranged Weapons
  3538 | D:5      | Reached XP level 7. HP: 62/62 MP: 6/6
  3585 | D:5      | Reached skill level 3 in Dodging
  3595 | D:5      | 3595 ||| Stepping ~*~*~tactically~*~*~ (outnumbered).
  3734 | D:5      | Reached skill level 9 in Ranged Weapons
  3741 | D:5      | Reached skill level 6 in Fighting
  3882 | D:5      | Found Wiwotelo's Jewellery Shoppe.
  3887 | D:5      | 3887 ||| SHOPLISTING +4 ring of slaying (936 gold, have
                  | 81).
  3887 | D:5      | 3887 ||| SHOPLISTING +5 ring of evasion (432 gold, have
                  | 81).
  3887 | D:5      | 3887 ||| SHOPLISTING +6 ring of dexterity (432 gold, have
                  | 81).
  3887 | D:5      | 3887 ||| SHOPLISTING +6 ring of strength (432 gold, have
                  | 81).
  3887 | D:5      | 3887 ||| SHOPLISTING amulet of reflection (360 gold, have
                  | 81).
  4245 | D:5      | 4245 ||| UPGRADING to +0 pair of boots.
  4250 | D:5      | 4250 ||| READING scroll labelled KOQEUL AZOPTAMM.
  4251 | D:5      | 4251 ||| READING scroll labelled PEFA BUCEUGOIMM.
  4252 | D:5      | 4252 ||| READING 3 scrolls of identify.
  4252 | D:5      | 4252 ||| IDENTIFYING green potion
  4293 | D:6      | Found a hazy altar of Hepliaklqana.
  4359 | D:6      | Reached XP level 8. HP: 70/70 MP: 7/7
  4363 | D:6      | Reached skill level 10 in Ranged Weapons
  4429 | D:6      | 4429 ||| Stepping ~*~*~tactically~*~*~ (outnumbered).
  4431 | D:6      | 4431 ||| Stepping ~*~*~tactically~*~*~ (outnumbered).
  4434 | D:6      | 4434 ||| Stepping ~*~*~tactically~*~*~ (outnumbered).
  4451 | D:6      | HP: 12/70 [kobold brigand/+0 short sword (6)]
  4452 | D:6      | 4452 ||| READING 3 scrolls of teleportation.
  4452 | D:6      | HP: 5/70 [kobold brigand/+0 short sword (3)]
  4453 | D:6      | 4453 ||| DRINKING potion of heal wounds.
  4455 | D:6      | HP: 2/70 [poisoned by a gnoll sergeant]
  4456 | D:6      | Succumbed to a gnoll sergeant's poison

Levels and vault maps discovered:
D:1:      heliophobic_arrival_ceremonial_halls, layout_loops_ring,
          dk_noncrumbling_3, corexii_corridor_pit
D:2:      wad_pebble_path, layout_basic, minmay_tiny_reverse_x, uniq_sigmund
D:3:      layout_basic
D:4:      layout_layer_cave, nicolae_overflow_crystal_walls,
          nicolae_shop_gadgets, uniq_robin
D:5:      layout_loops_ring, minmay_shop_enchanted_jewellery, feat_on_display
D:6:      hellmonk_crumbling_castle, layout_rooms, lemuel_crystal_altar,
          mainiacjoe_overflow_alcove_4, grunt_temple_overflow_diamond

Skill      XL: |  1  2  3  4  5  6  7  8 |
---------------+-------------------------+-----
Ranged Weapons | 5 6 8 9 10 | 10.1
Fighting       | 3 5 6 |  6.0
Armour         | 1 |  1.0
Dodging        | 3 |  3.6
Stealth        | |  0.7

Action                     |  1- 3 |  4- 6 |  7- 9 || total
---------------------------+-------+-------+-------++-------
   Fire: Shortbow          |    30 |       |       ||    30
         Orcbow            |    48 |   104 |    89 ||   241
         Arbalest          |     4 |       |       ||     4
    Use: Scroll            |     7 |     7 |     4 ||    18
         Potion            |     1 |     2 |     1 ||     4
 Armour: Leather armour    |    14 |     6 |    15 ||    35
         Robe              |       |     3 |       ||     3
  Dodge: Dodged            |    20 |    28 |    26 ||    74

Table legend:
 A = Non-vault XP
 B = Vault XP
 C = Vault XP percentage of total XP
 D = Non-vault monster count
 E = Vault monster count
 F = Vault count percentage of total count
                 A         B        C        D         E       F
            +---------+---------+-------+---------+---------+-------
      Total |    1521 |     248 |  14.0 |      99 |      14 |  12.4
            +---------+---------+-------+---------+---------+-------
        D:1 |      23 |       0 |   0.0 |      13 |       0 |   0.0
        D:2 |     137 |     213 |  60.9 |      23 |       3 |  11.5
        D:3 |     122 |       0 |   0.0 |      16 |       0 |   0.0
        D:4 |     149 |      35 |  19.0 |      13 |      11 |  45.8
        D:5 |     731 |       0 |   0.0 |      22 |       0 |   0.0
        D:6 |     359 |       0 |   0.0 |      12 |       0 |   0.0
            +---------+---------+-------+---------+---------+-------
